 Dungeon Crawl Stone Soup version 0.23-b1-3-gdda8187 (webtiles) character file.

Game seed: 5399757676508320779

163 Flooderbenga the Chopper (level 5, -3/50 HPs)
             Began as a Deep Dwarf Fighter on Jan 31, 2019.
             Slain by an ogre
             ... wielding a +0 giant club
              (20 damage)
             ... on level 4 of the Dungeon.
             The game lasted 00:02:05 (1398 turns).

Flooderbenga the Chopper (Deep Dwarf Fighter)       Turns: 1398, Time: 00:02:06

Health: -3/50      AC:  8    Str: 21    XL:     5   Next: 20%
Magic:  3/3        EV:  7    Int:  8    God:
Gold:   137        SH:  9    Dex: 12    Spells: 4/4 levels left

rFire    . . .     SeeInvis .   a - +0 war axe
rCold    . . .     Gourm    .   c - +0 shield
rNeg     . . .     Faith    .   b - +0 scale mail
rPois    .         Spirit   .   (no helmet)
rElec    .         Reflect  .   (no cloak)
rCorr    .         Harm     .   (no gloves)
MR       .....                  j - +0 pair of boots
Stlth    ..........             (no amulet)
HPRegen  0.00/turn              (no ring)
MPRegen  0.08/turn              (no ring)

@: lethally poisoned (-3 -> -3), non-regenerating
A: damage resistance, heal wounds, sense surroundings 1, no regeneration
a: Heal Wounds


You were on level 4 of the Dungeon.
You were not hungry.

You visited 1 branch of the dungeon, and saw 4 of its levels.

You collected 137 gold pieces.

Inventory:

Hand Weapons
 a - a +0 war axe (weapon)
Armour
 b - a +0 scale mail (worn)
 c - a +0 shield (worn)
 j - a +0 pair of boots (worn)
 o - a +0 plate armour
Scrolls
 i - a scroll of teleportation {@r3}
 k - 2 scrolls of enchant weapon {unknown}
 l - 2 scrolls of identify {unknown}
Potions
 d - a potion of might {@q4}
 e - a potion of ambrosia {unknown}
 h - 2 potions of heal wounds {unknown}
 m - a potion of brilliance {unknown}
 n - a potion of degeneration {unknown}
Comestibles
 f - 7 rations


   Skills:
 + Level 3.7 Fighting
 * Level 5.1 Axes
 - Level 3.2 Armour
 - Level 3.2 Shields


You had 4 spell levels left.
You didn't know any spells.
Your spell library was empty.

Dungeon Overview and Level Annotations

Branches:
Dungeon (4/15)
 Temple: D:4-7

Altars:
Elyvilon
Sif Muna

Annotations:
D:3 1 runed translucent door


Innate Abilities, Weirdness & Mutations

You are resistant to damage.
You can heal yourself by infusing magical energy.
You passively map a small area around you.
You do not regenerate.


Message History

You slice the ogre!!
The ogre hits you with a +0 giant club!!
You take 22 damage, and have 17/50 hp.
MASSIVE DAMAGE!!
You are too injured to fight recklessly!
You are too injured to fight recklessly!
You are too injured to fight recklessly!
You are too injured to fight recklessly!
You are too injured to fight recklessly!
You are too injured to fight recklessly!
You are too injured to fight recklessly!
You are too injured to fight recklessly!
You are too injured to fight recklessly!
You are too injured to fight recklessly!
You are too injured to fight recklessly!
An ogre is nearby!
Okay, then.
Unknown command.
You fail to use your ability.
The ogre hits you with a +0 giant club!!
You die...

##.....#
##....#
##...#
##..#
#..#
##.##
#..#
##.##
#@.#
##O# ≈
≈.# ≈≈.#
* ,,
.≈.# ≈
,.≈.# **
.≈.# ,
,,, ≈≈##
≈


You could see an ogre.

Vanquished Creatures
  A howler monkey (D:3)
  An orc wizard (D:3)
  3 adders
  4 dart slugs
  A leopard gecko (D:1)
  4 orcs (D:3)
  A ball python (D:4)
  4 giant cockroaches
  3 goblins
  6 hobgoblins
  4 jackals (D:1)
  8 kobolds
  3 quokkas
  4 bats
  11 frilled lizards
  5 rats
63 creatures vanquished.

Vanquished Creatures (others)
  A hound (D:4)
1 creature vanquished.

Grand Total: 64 creatures vanquished

Notes
Turn   | Place    | Note
-------+----------+-------------------------------------------
     0 | D:1      | Flooderbenga the Deep Dwarf Fighter began the quest for the
                  | Orb.
     0 | D:1      | Reached XP level 1. HP: 20/20 MP: 1/1
    97 | D:1      | Reached XP level 2. HP: 16/27 MP: 2/2
   122 | D:1      | Reached skill level 3 in Axes
   316 | D:1      | Reached XP level 3. HP: 19/34 MP: 3/3
   750 | D:3      | Reached skill level 4 in Axes
   773 | D:3      | Found a deep blue altar of Sif Muna.
   855 | D:3      | Reached XP level 4. HP: 24/42 MP: 3/3
  1026 | D:3      | Reached XP level 5. HP: 28/50 MP: 4/4
  1031 | D:3      | Reached skill level 5 in Axes
  1094 | D:3      | Found a white marble altar of Elyvilon.
  1095 | D:3      | Found a runed translucent door.
  1095 | D:3      | Noticed an angel
  1394 | D:4      | Noticed an ogre
  1398 | D:4      | Slain by an ogre

Skill      XL: |  1  2  3  4  5 |
---------------+----------------+-----
Axes           | 3 4 5 |  5.1
Fighting       | 3 |  3.7
Armour         | |  3.2
Shields        | |  3.2

Action                   |  1- 3 |  4- 6 || total
-------------------------+-------+-------++-------
Melee: War axe           |   132 |    56 ||   188
 Abil: Heal Wounds       |     1 |     1 ||     2
  Use: Scroll            |       |     1 ||     1
  Eat: Chunk             |       |     2 ||     2
Armor: Scale mail        |    77 |    19 ||    96
Dodge: Dodged            |    54 |     9 ||    63
Block: Shield            |    65 |    33 ||    98
